 Dungeon Crawl Stone Soup version 0.23-a0-644-gb60d84b (webtiles) character file.

67 Borgoz the Sneak (level 4, -2/30 HPs)
             Began as a Halfling Assassin on Jan 2, 2019.
             Slain by a hobgoblin (3 damage)
             ... on level 2 of the Dungeon.
             The game lasted 00:02:22 (1562 turns).

Borgoz the Sneak (Halfling Assassin)                Turns: 1562, Time: 00:02:23

Health: -2/30      AC:  3    Str: 11 (13) XL:     4   Next: 38%
Magic:  4/4        EV: 15    Int:  7 (9)  God:
Gold:   103        SH:  0    Dex: 14 (15) Spells: 3/3 levels left

rFire    . . .     SeeInvis .   a - +2 dagger
rCold    . . .     Gourm    .   (shield restricted)
rNeg     . . .     Faith    .   c - +0 robe
rPois    .         Spirit   .   (no helmet)
rElec    .         Reflect  .   d - +0 cloak
rCorr    .         Harm     .   (no gloves)
MR       .....                  (no boots)
Stlth    +++.......             (no amulet)
HPRegen  0.10/turn              (no ring)
MPRegen  0.09/turn              (no ring)

@: lethally poisoned (-2 -> -3)
A: small, mutation resistance 1
a: no special abilities


You were on level 2 of the Dungeon.
You were hungry.

You visited 1 branch of the dungeon, and saw 2 of its levels.

You collected 103 gold pieces.

Inventory:

Hand Weapons
 a - a +2 dagger (weapon)
 b - a +0 blowgun
Missiles
 e - 6 poisoned needles
 f - 2 curare-tipped needles
Armour
 c - a +0 robe (worn)
 d - a +0 cloak (worn)
Jewellery
 m - an uncursed ring of protection from fire {unknown}
Scrolls
 h - a scroll of identify {unknown}
 i - a scroll of immolation {unknown}
 j - a scroll of fog {unknown}
 n - a scroll of enchant weapon {unknown}
Potions
 k - a potion of might
Comestibles
 g - 2 rations


   Skills:
 + Level 2.3 Fighting
 + Level 3.1 Short Blades
 + Level 2.5 Throwing
 + Level 2.0 Dodging
 + Level 4.9 Stealth


You had 3 spell levels left.
You didn't know any spells.
Your spell library was empty.

Dungeon Overview and Level Annotations

Branches:
Dungeon (2/15)

Altars:


Innate Abilities, Weirdness & Mutations

You are small and have problems with some larger weapons.
You are somewhat resistant to further mutation.


Message History

You feel sick.
* * * LOW HITPOINT WARNING * * *
You feel sick.
Found a scroll labeled REDIFRA YSTOI.
Found a scroll labeled KUTTAUFEUT.
Found 21 stones.
A hobgoblin comes into view.
* * * LOW HITPOINT WARNING * * *
You feel sick.
The hobgoblin shouts!
Found a stone staircase leading down.
Found a short sword.
You see here a scroll labeled REDIFRA YSTOI.
You barely miss the hobgoblin.
* * * LOW HITPOINT WARNING * * *
You feel sick. The hobgoblin closely misses you.
You hit the hobgoblin.
The hobgoblin is moderately wounded.
The hobgoblin hits you.
You die...

#.#.###.# ....)
#.#.....#
.....###########.#.###.#
#..>....................
#..............#.......#
#........#####.###..####
#.....?....# #.# ##.#
#..........# #.####.####
#.....g@...###.#......†.
.............#+#.###†###
.#...........%..........
######...........(.#...
####..........#...
####..........#...
...............#...
#####.#.#.#.####...
#.#.#.#.# #..


You could see a hobgoblin.

Vanquished Creatures
  A worker ant (D:2)
  An adder (D:2)
  An ooze (D:1)
  A dart slug (D:1)
  3 leopard geckos (D:1)
  A giant cockroach (D:2)
  5 goblins (D:1)
  A hobgoblin (D:1)
  A ball python (D:1)
  7 bats (D:1)
  2 frilled lizards (D:1)
  2 kobolds (D:1)
  2 rats (D:1)
28 creatures vanquished.

Notes
Turn   | Place    | Note
-------+----------+-------------------------------------------
     0 | D:1      | Borgoz the Halfling Assassin began the quest for the Orb.
     0 | D:1      | Reached XP level 1. HP: 14/14 MP: 1/1
   328 | D:1      | Reached XP level 2. HP: 19/19 MP: 2/2
   831 | D:1      | Reached XP level 3. HP: 24/24 MP: 3/3
  1543 | D:2      | Reached XP level 4. HP: 6/30 MP: 4/4
  1561 | D:2      | HP: 1/30 [poisoned by a worker ant]
  1562 | D:2      | Slain by a hobgoblin

Vault maps used:
D:1:      psy_arrival_whirlpool
D:2:      minmay_hexomino_u4

Skill      XL: |  1  2  3 |
---------------+----------+-----
Fighting       | 2 |  2.3
Short Blades   | 3 |  3.1
Dodging        | 2 |  2.0
Throwing       | |  2.5
Stealth        | |  4.9

Action                   |  1- 3 |  4- 6 || total
-------------------------+-------+-------++-------
Melee: Dagger            |    81 |     2 ||    83
 Fire: Blowgun           |     7 |       ||     7
  Use: Potion            |     3 |       ||     3
 Stab: Sleeping          |     6 |       ||     6
  Eat: Chunk             |     1 |       ||     1
Armor: Robe              |    16 |       ||    16
Dodge: Dodged            |    58 |     1 ||    59

Table legend:
 A = Non-vault XP
 B = Vault XP
 C = Vault XP percentage of total XP
 D = Non-vault monster count
 E = Vault monster count
 F = Vault count percentage of total count
                 A         B        C        D         E       F
            +---------+---------+-------+---------+---------+-------
      Total |      96 |       0 |   0.0 |      28 |       0 |   0.0
            +---------+---------+-------+---------+---------+-------
        D:1 |      48 |       0 |   0.0 |      25 |       0 |   0.0
        D:2 |      48 |       0 |   0.0 |       3 |       0 |   0.0
            +---------+---------+-------+---------+---------+-------
